 Dungeon Crawl Stone Soup version 0.19.5 (webtiles) character file.

89833 BugsBunnySan the Eviscerator (level 15, -40/76 HPs)
             Began as a Felid Berserker on Mar 14, 2017.
             Was a High Priest of Trog.
             Killed from afar by a deep elf annihilator (70 damage)
             ... with a crystal spear
             ... on level 3 of the Elven Halls.
             The game lasted 02:04:49 (37364 turns).

BugsBunnySan the Eviscerator (Felid Berserker)     Turns: 37364, Time: 02:04:50

Health: -40/76     AC:  7    Str: 13    XL:     15   Next: 50%
Magic:  0/26       EV: 29    Int: 11    God:    Trog [*****.]
Gold:   965        SH:  0    Dex: 18    Spells: 0 memorised, 14 levels left
                                        Lives:  0   Deaths: 4

rFire  + . .     SeeInvis +       - Unarmed
rCold  + . .     Gourm    .     (armour unavailable)
rNeg   . . .     Faith    .     (shield unavailable)
rPois  .         Spirit   +     (helmet unavailable)
rElec  .         Reflect  .     (cloak unavailable)
rCorr  .         Harm     .     (gloves unavailable)
MR     +++++                    (boots unavailable)
Stlth  ++++++....               D - amulet of guardian spirit
                                K - ring of magical power
                                j - +4 ring of protection

@: lethally poisoned (-40 -> -41), regenerating, heavily drained, quick
A: no armour, no weapons or thrown items, stealth, antennae 1, claws 1, fangs 3,
see invisible, carnivore 3, clumsy 1, fire resistance 1, speed 1, high mp 1,
magic resistance 1, shaggy fur 3, slow metabolism 1, sharp paws
a: Berserk, Trog's Hand, Brothers in Arms, Burn Spellbooks, Renounce Religion


You were on level 3 of the Elven Halls.
You worshipped Trog.
Trog was extremely pleased with you.
You were very full.

You visited 5 branches of the dungeon, and saw 27 of its levels.
You visited 1 bazaar.
You also visited: Sewer and Ossuary.

You collected 3040 gold pieces.
You spent 2075 gold pieces at shops.

Inventory:

Jewellery
 h - an uncursed ring of protection from cold
 j - a +4 ring of protection (left paw)
 k - the amulet of Ixty {Gourm Dex+10, unknown}
   (You took it off a deep elf demonologist on level 3 of the Elven Halls)

   [amulet of the gourmand]

   It allows you to eat raw meat even when not hungry.
   It affects your dexterity (+10).
 u - the ring of Mocu {rPois rC+}
   (You found it on level 1 of the Elven Halls)

   [ring of protection from cold]

   It protects you from cold.
   It protects you from poison.
 B - the amulet "Nepin" {Faith rC+, unknown}
   (You took it off a deep elf mage on level 3 of the Elven Halls)

   [amulet of faith]

   It allows you to gain divine favour quickly.
   It protects you from cold.
 D - an amulet of guardian spirit (around neck)
 G - an uncursed amulet of magic regeneration
 J - an uncursed ring of stealth
 K - a ring of magical power (right paw)
 L - an uncursed ring of resist corrosion
 Q - an uncursed ring of ice
Wands
 w - a wand of enslavement (10/24)
 M - a wand of confusion (26/48)
Scrolls
 c - 14 scrolls of teleportation
 e - 9 scrolls of fear
 g - 5 scrolls of immolation
 n - 7 scrolls of remove curse
 o - 2 scrolls of silence
 p - 4 scrolls of recharging
 r - 2 scrolls of magic mapping
 v - 8 scrolls of noise
 y - 3 scrolls of identify
 C - a scroll of summoning
 F - a scroll of holy word
 I - a scroll of torment
Potions
 b - 5 potions of lignification
 d - 4 potions of agility
 m - 6 potions of might
 q - 2 potions of resistance
 s - a potion of ambrosia
 t - 15 potions of curing
 x - 3 potions of flight
 A - 5 potions of cancellation
 H - a potion of heal wounds
 R - 3 potions of haste
Miscellaneous
 E - a phantom mirror
 N - a fan of gales
Comestibles
 a - 10 meat rations
 f - 14 royal jellies
 l - 12 beef jerkies
 z - a slice of pizza


   Skills:
 * Level 14.5(12.4) Fighting
 + Level 14.9(12.8) Dodging
 + Level 16.2(14.1) Stealth
 + Level 21.8(19.4) Unarmed Combat


You had 14 spell levels left.
You didn't know any spells.

Dungeon Overview and Level Annotations

Branches:
Dungeon (15/15)            Temple (1/1) D:6            Lair (6/6) D:10
  Swamp (0/4) Lair:4       Spider (0/4) Lair:4        Slime (0/5) Lair:6
    Orc (2/2) D:10            Elf (3/3) Orc:2        Vaults (0/5) D:14
 Depths (0/5) D:15

Altars:
Ashenzari
Cheibriados
Dithmenos
Elyvilon
Fedhas
Gozag
Hepliaklqana
Kikubaaqudgha
Makhleb
Nemelex Xobeh
Okawaru
Qazlal
Ru
Sif Muna
Trog
Uskayaw
Vehumet
Xom
Yredelemnul
Zin
The Shining One
Beogh

Shops:
D:7 ?*   D:9 }   Orc:2 !*}[   Elf:3 !=%:

Portals:
Pandemonium: Orc:2
Trove: D:11 (give 7 potions of agility)


Innate Abilities, Weirdness & Mutations

You cannot wear armour.
You are incapable of wielding weapons or throwing items.
Your paws allow you to move quietly. (Stealth)
You have sharp claws.
You have razor-sharp teeth.
You have supernaturally acute eyesight. (SInv)
You are carnivorous and can eat meat at any time.
You cover ground quickly.
Your thick and shaggy fur keeps you warm. (AC +3, rC+)
You have a slow metabolism.
Your sharp claws are effective at attacking unaware monsters.
You have a pair of small antennae on your head.
You are clumsy. (Dex -2)
Your flesh is heat resistant. (rF+)
You have an increased reservoir of magic. (+10% MP)
You are resistant to hostile enchantments. (MR+)


Message History

The deep elf annihilator blinks!
The short sword of draining hits you.
You feel drained. The short sword of draining hits you.
You feel drained.
Your skin crawls.
You feel resistant to hostile enchantments.
You feel somewhat less full.
You feel less exhausted. The short sword of draining misses you.
The short sword of draining hits you!
You feel drained.
You mangle the short sword of draining!!
The short sword of draining falls from the air.
Trog accepts your kill.
The deep elf annihilator gestures at you while chanting.
The poison arrow hits you!
You are poisoned.
You feel sick.
The deep elf annihilator points at you and mumbles some strange words.
The crystal spear hits you!
Ouch! That really hurt!
You die...

#.## #)(# ##.## #[.#
##.## ##.§### ##.#####
#########§[)..#
#####.##.#
#....§§...(...#
......'..##
#######§§.....#
#######...# ##≈.))..#.#
##...########≈())).####
#[.....(...@e([)...#
#....(##....##.(...#
##[####..)##########
#.###...## # #.##...##
## #)#...## .##
###'...## #.###.....##
##### ##'#.....## #...#


You could see a deep elf annihilator.

Vanquished Creatures
  A deep elf master archer (Elf:3)
  A storm dragon (D:12)
  3 deep elf sorcerers (Elf:3)
  3 deep elf elementalists (Elf:3)
  Nessos (D:14)
  5 deep elf demonologists
  The ghost of letownia the Reanimator, a journeyman DDNe of Gozag (Orc:2)
  3 deep elf annihilators (Elf:3)
  3 deep elf death magi (Elf:3)
  Snorg (D:12)
  2 ettins
  2 deep elf high priests
  A yaktaur captain (D:12)
  4 hydras
  An ice dragon (D:14)
  2 centaur warriors (D:15)
  23 dancing weapons
  3 tengu warriors
  3 death yaks (Lair:6)
  3 orc high priests
  Urug (Lair:3)
  The ghost of BugsBunnySan the Ripper, a journeyman FeBe of Trog (D:14)
  17 deep elf knights
  Nergalle (Lair:2)
  An unseen horror (D:12)
  A fire crab (D:12)
  2 gelid demonspawn (Orc:2)
  The ghost of BugsBunnySan the Ripper, a novice FeBe of Trog (D:11)
  4 hill giants
  68 deep elf magi
  2 orc knights (Orc:2)
  A necromancer (D:14)
  A lindwurm (Lair:6)
  8 orc sorcerers
  18 deep elf archers
  2 manticores (D:12)
  2 salamanders (shapeshifter)
  4 cyclopes
  7 ugly things
  8 elephants (Lair:6)
  Maurice (D:8)
  3 gargoyles
  A rust devil (Orc:2)
  9 spiny frogs
  4 black mambas
  A torpor snail (Lair:6)
  4 kobold demonologists
  An efreet (D:15)
  3 rime drakes
  A tengu conjurer (D:15)
  8 komodo dragons
  An ice devil (Orc:2)
  4 trolls
  4 polar bears
  4 tyrant leeches
  3 meliai (D:14)
  2 hornets
  26 blink frogs
  2 dream sheep (Lair:6)
  13 hippogriffs
  2 two-headed ogres
  A harpy skeleton (D:13)
  A wraith (D:13)
  2 shadows
  2 air elementals
  Eustachio (D:5)
  2 water elementals
  4 fire elementals
  2 vampires
  A ynoxinul (Orc:2)
  6 wyverns
  4 basilisks
  3 hungry ghosts
  A steam dragon (D:7)
  26 yaks
  The ghost of Rrauwl the Skirmisher, an amateur FoAK of Lugonu (D:3)
  Grum (D:8)
  A vampire mosquito (D:14)
  A neqoxec (Orc:2)
  Edmund (D:5)
  5 mottled dragons
  A warg (Orc:1)
  2 soldier ants
  A swamp worm (Lair:6)
  8 water moccasins
  9 porcupines
  4 ice beasts
  A swamp drake (D:10)
  24 orc warriors
  2 phantoms
  4 sky beasts
  15 ogres
  9 centaurs
  5 wolves
  18 crocodiles
  5 big kobolds
  Blork the orc (D:5)
  5 earth elementals
  21 bullfrogs
  A wyvern zombie (D:10)
  A wyvern skeleton (D:13)
  3 scorpions
  12 killer bees
  9 wights
  An electric eel (Lair:3)
  8 crimson imps
  5 howler monkeys
  10 centaur zombies
  2 quasits
  2 bullfrog zombies
  9 hounds
  9 jellies
  24 orc priests
  9 centaur skeletons
  13 orc wizards
  6 worker ants
  Ijyb (D:2)
  3 iguanas
  2 big kobold zombies (Ossuary)
  6 mummies (Ossuary)
  7 gnolls
  23 adders
  5 river rats
  3 shadow imps
  11 oozes
  An adder zombie (D:8)
  An adder skeleton (D:6)
  8 worms
  3 leopard geckos
  95 orcs
  10 bats
  10 giant cockroaches
  2 gnoll zombies (Ossuary)
  12 goblins
  5 hobgoblins
  17 jackals
  6 quokkas
  4 ball pythons
  3 frilled lizards (D:3)
  A goblin skeleton (D:6)
  2 goblin zombies
  6 hobgoblin zombies
  2 jackal skeletons
  17 kobolds
  2 kobold skeletons (D:6)
  2 kobold zombies (D:6)
  3 orc zombies (D:6)
  3 quokka skeletons
  A quokka zombie (D:5)
  11 rats
  A plant (D:4)
927 creatures vanquished.

Vanquished Creatures (collateral kills)
  3 deep elf sorcerers (Elf:3)
  2 deep elf elementalists (Elf:3)
  2 deep elf death magi
  An ogre mage (D:15)
  A catoblepas (Lair:5)
  A dancing weapon (Elf:1)
  2 orc high priests (Orc:2)
  5 deep elf knights
  A soul eater (Orc:2)
  A sixfirhy (Orc:2)
  3 deep elf archers
  An infernal demonspawn (Orc:2)
  A gelid demonspawn (Orc:2)
  10 deep elf magi
  3 orc knights (Orc:2)
  5 orc sorcerers (Orc:2)
  2 spiny frogs (Lair:5)
  A torpor snail (Lair:6)
  A komodo dragon (Lair:6)
  2 two-headed ogres (D:15)
  A meliai zombie (D:15)
  A yak (D:14)
  2 chaos spawn (Orc:2)
  A water moccasin (Lair:5)
  A hell hound (shapeshifter) (D:15)
  A porcupine (Lair:5)
  6 orc warriors (Orc:2)
  3 ogres (D:15)
  7 orc priests (Orc:2)
  5 orcs (Orc:2)
76 creatures vanquished.

Vanquished Creatures (others)
  An orc (D:10)
  36 fungi
  7 plants
44 creatures vanquished.

Grand Total: 1047 creatures vanquished

Notes
Turn   | Place    | Note
-------+----------+-------------------------------------------
     0 | D:1      | BugsBunnySan the Felid Berserker began the quest for the Orb.
     0 | D:1      | Reached XP level 1. HP: 10/10 MP: 2/2
   233 | D:1      | Reached XP level 2. HP: 14/14 MP: 3/3
   755 | D:1      | You fall through a shaft!
  1125 | D:1      | Reached XP level 3. HP: 14/17 MP: 4/4
  1411 | D:3      | Found a glowing drain.
  1452 | Sewer    | Entered a sewer
  1658 | Sewer    | Reached ** piety under Trog
  1658 | Sewer    | Reached XP level 4. HP: 20/22 MP: 5/5
  1729 | Sewer    | Noticed a big kobold
  1745 | Sewer    | Killed a big kobold
  1745 | Sewer    | Reached skill level 5 in Dodging
  1745 | Sewer    | Reached skill level 1 in Stealth
  1745 | Sewer    | Reached skill level 4 in Unarmed Combat
  1745 | Sewer    | Reached XP level 5. HP: 22/25 MP: 6/6
  2207 | Sewer    | Reached skill level 5 in Unarmed Combat
  2474 | Sewer    | Gained mutation: You are covered in thick fur. (AC +2) [Felid growth]
  2474 | Sewer    | Reached XP level 6. HP: 28/28 MP: 7/7
  3091 | D:3      | Noticed Rrauwl's ghost (amateur FoAK)
  3101 | D:3      | Killed Rrauwl's ghost
  3187 | D:2      | Noticed Ijyb
  3192 | D:2      | Killed Ijyb
  3192 | D:2      | Reached XP level 7. HP: 33/33 MP: 8/8
  3388 | D:2      | Reached *** piety under Trog
  3568 | D:2      | Found a faded altar of an unknown god.
  3568 | D:2      | Found a faded altar of an unknown god.
  3573 | D:2      | Found an ancient bone altar of Kikubaaqudgha.
  3575 | D:2      | Found a faded altar of an unknown god.
  3576 | D:2      | Found a radiant altar of Vehumet.
  3736 | D:3      | Reached skill level 6 in Unarmed Combat
  4349 | D:5      | Entered Level 5 of the Dungeon
  5080 | D:4      | Reached **** piety under Trog
  5405 | D:5      | Noticed Blork the orc
  5408 | D:5      | Killed Blork the orc
  5729 | D:5      | Noticed Edmund
  5736 | D:5      | Killed Edmund
  5736 | D:5      | Reached skill level 5 in Fighting
  5736 | D:5      | Reached skill level 5 in Stealth
  5736 | D:5      | Reached skill level 7 in Unarmed Combat
  5742 | D:5      | Reached XP level 8. HP: 37/37 MP: 9/9
  5846 | D:5      | Found a sacrificial altar of Ru.
  5906 | D:6      | Found a glowing golden altar of the Shining One.
  6050 | D:6      | Found a staircase to the Ecumenical Temple.
  6065 | D:6      | Reached ***** piety under Trog
  6103 | D:6      | Found a sand-covered staircase.
  6134 | Ossuary  | Entered an ossuary
  6364 | Ossuary  | Reached skill level 8 in Unarmed Combat
  6634 | D:5      | Found a snail-covered altar of Cheibriados.
  6867 | D:5      | Noticed Eustachio
  6874 | D:5      | Killed Eustachio
  7083 | Temple   | Entered the Ecumenical Temple
  7464 | D:6      | Reached skill level 9 in Unarmed Combat
  7467 | D:6      | Reached XP level 9. HP: 41/41 MP: 10/10
  7714 | D:6      | Found a shattered altar of Ashenzari.
  8036 | D:7      | Found Syilec's Magic Scroll Emporium.
  8039 | D:7      | Bought a scroll of teleportation for 42 gold pieces
  8039 | D:7      | Bought a scroll of noise for 14 gold pieces
  8039 | D:7      | Bought a scroll of fear for 49 gold pieces
  8039 | D:7      | Bought a scroll of blinking for 105 gold pieces
  8039 | D:7      | Bought a scroll of identify for 28 gold pieces
  8039 | D:7      | Bought a scroll of teleportation for 42 gold pieces
  8579 | D:7      | Reached skill level 10 in Unarmed Combat
  8747 | D:7      | Found Exadeub's General Store.
  8750 | D:7      | Bought a potion of invisibility for 120 gold pieces
  8750 | D:7      | Bought a scroll of magic mapping for 52 gold pieces
  9380 | D:8      | Noticed Grum
  9453 | D:8      | Killed Grum
  9673 | D:8      | Reached XP level 10. HP: 47/47 MP: 11/11
  9757 | D:8      | Noticed Maurice
  9793 | D:8      | Killed Maurice
 10193 | D:9      | Reached skill level 11 in Unarmed Combat
 10439 | D:9      | Found Buor's Gadget Shoppe.
 10491 | D:10     | Entered Level 10 of the Dungeon
 10504 | D:10     | Found a staircase to the Lair.
 11286 | D:10     | Found a staircase to the Orcish Mines.
 11595 | D:10     | HP: 3/72 [poisoned by a killer bee]
 11947 | D:11     | Noticed a hill giant
 11953 | D:11     | Reached skill level 12 in Unarmed Combat
 11980 | D:11     | Killed a hill giant
 11980 | D:11     | Reached XP level 11. HP: 44/52 MP: 12/12
 12640 | D:11     | Noticed BugsBunnySan's ghost (novice FeBe)
 12644 | D:11     | Found a hazy altar of Hepliaklqana.
 12657 | D:11     | Killed BugsBunnySan's ghost
 12773 | D:11     | Noticed a green ugly thing
 12777 | D:11     | Killed a green ugly thing
 13229 | D:11     | Noticed a hill giant
 13257 | D:11     | Slain by a hill giant
 13258 | D:11     | Reached XP level 10. HP: -1/73 MP: 0/11
 13265 | D:11     | Found a portal to a secret trove of treasure.
 14278 | D:12     | Noticed a manticore
 14288 | D:12     | Killed a manticore
 14288 | D:12     | Reached skill level 10 in Dodging
 14353 | D:12     | Noticed a cyclops
 14354 | D:12     | Reached skill level 10 in Stealth
 14367 | D:12     | Reached skill level 13 in Unarmed Combat
 14386 | D:12     | Noticed a cyclops
 14402 | D:12     | Noticed Snorg
 14429 | D:12     | Killed Snorg
 14429 | D:12     | Reached XP level 11. HP: 36/53 MP: 2/12
 14733 | D:13     | Noticed a tengu warrior
 14737 | D:13     | Killed a tengu warrior
 14774 | D:13     | Reached ****** piety under Trog
 14803 | D:12     | Noticed an unseen horror
 14809 | D:12     | Noticed a fire crab
 14822 | D:12     | Killed an unseen horror
 14823 | D:12     | Killed a fire crab
 14823 | D:12     | Reached skill level 14 in Unarmed Combat
 15067 | D:12     | Noticed a seven-headed hydra
 15068 | D:12     | Noticed a deep elf mage
 15078 | D:12     | HP: 3/79 [seven-headed hydra (2)]
 15080 | D:12     | Killed a seven-headed hydra
 15088 | D:12     | HP: 2/54 [deep elf mage/short sword (4)]
 15101 | D:12     | Killed a deep elf mage
 15393 | D:12     | Found a large runed door.
 15394 | D:12     | Found a large runed door.
 15406 | D:12     | Found a burning altar of Makhleb.
 15406 | D:12     | Noticed a yaktaur captain
 15415 | D:12     | Killed a yaktaur captain
 15478 | D:12     | Found a shimmering altar of Xom.
 15478 | D:12     | Noticed a storm dragon
 15487 | D:12     | Killed a storm dragon
 15487 | D:12     | Gained mutation: Your thick and shaggy fur keeps you warm. (AC +3, rC+) [Felid growth]
 15487 | D:12     | Reached XP level 12. HP: 13/58 MP: 1/13
 15682 | D:13     | Reached skill level 10 in Fighting
 15682 | D:13     | Reached skill level 15 in Unarmed Combat
 16492 | D:14     | Noticed an eight-headed hydra
 16503 | D:14     | Killed an eight-headed hydra
 16782 | D:14     | Noticed BugsBunnySan's ghost (journeyman FeBe)
 16804 | D:14     | Slain by BugsBunnySan's ghost
 16805 | D:14     | Reached XP level 11. HP: -5/54 MP: 0/12
 16878 | D:14     | Killed a hill giant
 16928 | D:14     | Killed a red ugly thing
 16936 | D:14     | Killed a red ugly thing
 16940 | D:14     | Killed a white ugly thing
 16946 | D:14     | Killed a red ugly thing
 16949 | D:14     | Killed a green ugly thing
 16962 | D:14     | Killed a purple ugly thing
 16980 | D:14     | Gained mutation: You evolve. [mutagenic meat]
 16981 | D:14     | Gained mutation: You tend to lose your temper in combat. [mutagenic meat]
 16982 | D:14     | Gained mutation: You have an increased reservoir of magic. (+10% MP) [mutagenic meat]
 16983 | D:14     | Gained mutation: You are robust. (+10% HP) [mutagenic meat]
 17151 | D:14     | Found a sacrificial altar of Ru.
 17181 | D:15     | Entered Level 15 of the Dungeon
 17210 | D:14     | Killed BugsBunnySan's ghost
 17265 | D:14     | Reached XP level 12. HP: 50/63 MP: 8/14
 17442 | D:14     | Noticed Nessos
 17449 | D:14     | Killed Nessos
 17449 | D:14     | Reached skill level 16 in Unarmed Combat
 17476 | D:14     | Noticed an ice dragon
 17491 | D:14     | Killed an ice dragon
 17765 | D:14     | Found a gate to the Vaults.
 18055 | D:15     | Gained mutation: Your flesh is heat resistant. (rF+) [evolution]
 18414 | D:15     | Noticed a centaur warrior
 18614 | D:15     | Killed a centaur warrior
 18844 | D:15     | Noticed an ettin
 18855 | D:15     | Killed an ettin
 18942 | D:15     | Noticed a tengu warrior
 18943 | D:15     | Noticed a tengu warrior
 18954 | D:15     | Killed a tengu warrior
 18973 | D:15     | Killed a tengu warrior
 19006 | D:15     | Reached XP level 13. HP: 53/69 MP: 15/15
 19178 | D:15     | Found a white marble altar of Elyvilon.
 19241 | D:15     | Reached skill level 17 in Unarmed Combat
 19367 | D:15     | Found a staircase to the Depths.
 19706 | D:15     | Found a basalt altar of Yredelemnul.
 19972 | Temple   | Gained mutation: You are weak. (Str -2) [potion of mutation]
 19972 | Temple   | Gained mutation: Your spells are a little harder to cast, but a little more powerful. [potion of mutation]
 19972 | Temple   | Lost mutation: You evolve. [potion of mutation]
 19973 | Temple   | Gained mutation: Your mind is acute. (Int +2) [potion of mutation]
 19973 | Temple   | Gained mutation: You are very weak. (Str -4) [potion of mutation]
 20379 | Orc:1    | Entered Level 1 of the Orcish Mines
 20533 | Orc:2    | Entered Level 2 of the Orcish Mines
 20533 | Orc:2    | Noticed letownia's ghost (journeyman DDNe)
 20550 | Orc:2    | Killed letownia's ghost
 20594 | Orc:2    | Noticed an ettin
 20601 | Orc:2    | Killed an ettin
 21136 | Orc:1    | Found a roughly hewn altar of Beogh.
 21774 | Orc:2    | Found a staircase to the Elven Halls.
 22051 | Orc:2    | Found Puemike's Distillery.
 22053 | Orc:2    | Found Anlexoh's General Store.
 22397 | Orc:2    | Bought a potion of heal wounds for 50 gold pieces
 22397 | Orc:2    | Bought a potion of heal wounds for 50 gold pieces
 22397 | Orc:2    | Bought a potion of heal wounds for 50 gold pieces
 22397 | Orc:2    | Bought a potion of beneficial mutation for 350 gold pieces
 22397 | Orc:2    | Bought a potion of ambrosia for 80 gold pieces
 22397 | Orc:2    | Gained mutation: Your system is resistant to poisons. (rPois) [potion of beneficial mutation]
 22400 | Orc:2    | Bought a scroll of identify for 30 gold pieces
 22414 | Orc:2    | Reached skill level 18 in Unarmed Combat
 22612 | Orc:2    | Found a roughly hewn altar of Beogh.
 22775 | Orc:2    | Found Huasuur's Antique Armour Boutique.
 22775 | Orc:2    | Found a one-way gate leading to the halls of Pandemonium.
 22775 | Orc:2    | Found Haahoc's Gadget Shop.
 22943 | Lair:1   | Entered Level 1 of the Lair of Beasts
 22978 | Lair:1   | Found a stormy altar of Qazlal.
 22997 | Lair:1   | Reached XP level 14. HP: 74/74 MP: 16/16
 24114 | Lair:3   | Noticed Urug
 24119 | Lair:3   | Killed Urug
 24348 | Lair:2   | Noticed Nergalle
 24359 | Lair:2   | Killed Nergalle
 24792 | Lair:2   | Found a burning altar of Makhleb.
 25328 | Lair:3   | You fall through a shaft for 3 floors!
 25328 | Lair:6   | Entered Level 6 of the Lair of Beasts
 26710 | Lair:4   | Found a hole to the Spider Nest.
 27254 | Lair:4   | Found a staircase to the Swamp.
 28022 | Lair:6   | Reached skill level 19 in Unarmed Combat
 28952 | Lair:6   | Found a staircase to the Slime Pits.
 29482 | Lair:6   | Reached XP level 15. HP: 80/80 MP: 17/17
 30194 | Elf:1    | Entered Level 1 of the Elven Halls
 30359 | Elf:1    | Found a flickering gateway to a bazaar.
 30365 | Bazaar   | Entered a bazaar
 30371 | Bazaar   | Found Rilanwoc's Food Shop.
 30408 | Bazaar   | Found Poxkomut's Magic Scroll Boutique.
 30408 | Bazaar   | Found Issasch's Armour Shop.
 30423 | Bazaar   | Bought a scroll of teleportation for 48 gold pieces
 30423 | Bazaar   | Bought a scroll of teleportation for 48 gold pieces
 30423 | Bazaar   | Bought a scroll of identify for 32 gold pieces
 30423 | Bazaar   | Bought a scroll of identify for 32 gold pieces
 30437 | Bazaar   | Found Douba's Distillery.
 30459 | Bazaar   | Bought a potion of haste for 120 gold pieces
 30459 | Bazaar   | Bought a potion of heal wounds for 60 gold pieces
 30459 | Bazaar   | Bought a potion of curing for 36 gold pieces
 30459 | Bazaar   | Bought a potion of might for 48 gold pieces
 30459 | Bazaar   | Bought a potion of haste for 120 gold pieces
 30459 | Bazaar   | Bought a potion of haste for 120 gold pieces
 30459 | Bazaar   | Bought a potion of lignification for 36 gold pieces
 30459 | Bazaar   | Bought a potion of curing for 36 gold pieces
 31272 | Elf:1    | Got a warped glass ring
 31317 | Elf:1    | Identified the ring of Mocu {rPois rC+} (You found it on level 1 of the Elven Halls)
 31757 | Elf:1    | Reached skill level 15 in Stealth
 32187 | Elf:3    | Entered Level 3 of the Elven Halls
 32236 | Elf:2    | Reached skill level 20 in Unarmed Combat
 32832 | Elf:2    | Noticed a Tzitzimitl
 32869 | Elf:2    | HP: 6/121 [hellwing[a deep elf demonologist] (2)]
 33246 | Elf:2    | Reached XP level 16. HP: 85/85 MP: 18/18
 33411 | Elf:2    | Lost mutation: You are very weak. (Str -4) [potion of cure mutation]
 33411 | Elf:2    | Lost mutation: Your spells are a little harder to cast, but a little more powerful. [potion of cure mutation]
 33411 | Elf:2    | Lost mutation: Your mind is acute. (Int +2) [potion of cure mutation]
 33411 | Elf:2    | Lost mutation: You are weak. (Str -2) [potion of cure mutation]
 33411 | Elf:2    | Lost mutation: You are robust. (+10% HP) [potion of cure mutation]
 33411 | Elf:2    | Lost mutation: You tend to lose your temper in combat. [potion of cure mutation]
 33411 | Elf:2    | Lost mutation: Your system is resistant to poisons. (rPois) [potion of cure mutation]
 33788 | Elf:2    | Found a runed gate.
 33788 | Elf:2    | Found a runed gate.
 33788 | Elf:2    | Found a runed gate.
 33919 | Elf:2    | HP: 4/117 [deep elf archer/arrow (9)]
 34885 | Elf:3    | Found Geseg's Food Emporium.
 34894 | Elf:3    | Found Jugunkar's Book Emporium.
 35051 | Elf:3    | Found Fuheutt's Jewellery Shoppe.
 35148 | Elf:3    | Reached skill level 21 in Unarmed Combat
 35153 | Elf:3    | Noticed a deep elf master archer
 35158 | Elf:3    | Splashed by a deep elf sorcerer's acid
 35159 | Elf:3    | Reached XP level 15. HP: -10/75 MP: 0/26
 35248 | Elf:3    | Found a deep blue altar of Sif Muna.
 35252 | Elf:3    | Found Isaaca's Distillery.
 35272 | Elf:3    | Bought a potion of mutation for 37 gold pieces
 35272 | Elf:3    | Bought a potion of curing for 45 gold pieces
 35272 | Elf:3    | Bought a potion of haste for 150 gold pieces
 35272 | Elf:3    | Bought a potion of curing for 45 gold pieces
 35272 | Elf:3    | Gained mutation: You have a pair of small antennae on your head. [potion of mutation]
 35272 | Elf:3    | Gained mutation: You are resistant to hostile enchantments. (MR+) [potion of mutation]
 36172 | Elf:3    | Shot with an arrow by a deep elf master archer
 36173 | Elf:3    | Reached XP level 14. HP: -1/72 MP: 0/25
 36273 | Elf:3    | Killed a deep elf master archer
 36340 | Elf:3    | Noticed a deep elf sorcerer
 36349 | Elf:3    | Killed a deep elf sorcerer
 36403 | Elf:3    | Noticed a deep elf elementalist
 36422 | Elf:3    | Reached XP level 15. HP: 75/75 MP: 17/17
 36719 | Elf:3    | Noticed a deep elf sorcerer
 36888 | Elf:3    | Killed a deep elf sorcerer
 36903 | Elf:3    | Got a heavily runed steel amulet
 36908 | Elf:3    | Got a crude crystal amulet
 36942 | Elf:3    | Noticed a deep elf sorcerer
 36943 | Elf:3    | Noticed a deep elf sorcerer
 36946 | Elf:3    | Killed a deep elf sorcerer
 36946 | Elf:3    | Killed a deep elf sorcerer
 36947 | Elf:3    | Killed a deep elf sorcerer
 36953 | Elf:3    | Noticed a Hell Sentinel
 36953 | Elf:3    | Killed a deep elf sorcerer
 36986 | Elf:3    | Killed a ghostly deep elf sorcerer
 36997 | Elf:3    | Gained mutation: You are clumsy. (Dex -2) [a cacodemon]
 37021 | Elf:3    | HP: 2/76 [sixfirhy[a deep elf demonologist] (8)]
 37316 | Elf:3    | Noticed a Tzitzimitl
 37319 | Elf:3    | Noticed an Executioner
 37364 | Elf:3    | Killed from afar by a deep elf annihilator

Skill      XL: |  1  2  3  4  5  6  7  8  9 10 11 12 13 14 15 16 |
---------------+-------------------------------------------------+-----
Fighting       | 4 5 6 7 9 11 12 14 | 14.5
Dodging        | 5 6 7 10 11 12 13 14 | 14.9
Stealth        | 1 2 5 6 8 10 12 13 14 15 16 | 16.2
Unarmed Combat | 4 5 7 9 10 13 14 16 18 19 20 21 | 21.8

Action                   |  1- 3 |  4- 6 |  7- 9 | 10-12 | 13-15 | 16-18 || total
-------------------------+-------+-------+-------+-------+-------+-------++-------
Melee: Unarmed           |    68 |   151 |   505 |   868 |  1374 |   160 ||  3126
       Bite              |     4 |    20 |    49 |   118 |   164 |    22 ||   377
       Punch             |       |     5 |    16 |    71 |   124 |    13 ||   229
Invok: Berserk           |     2 |     6 |    13 |    35 |    50 |     7 ||   113
       Trog's Hand       |       |     2 |     3 |    29 |    57 |     8 ||    99
       Brothers in Arms  |       |       |       |     3 |    19 |     2 ||    24
       Burn Spellbooks   |       |       |       |     1 |     4 |       ||     5
  Use: Scroll            |     3 |       |    11 |     8 |    22 |     2 ||    46
       Potion            |       |       |       |     8 |    13 |     5 ||    26
 Stab: Sleeping          |     4 |     2 |    24 |    29 |    52 |     7 ||   118
       Distracted        |       |       |     2 |     3 |     3 |     2 ||    10
       Confused          |       |       |       |     1 |       |       ||     1
       Invisible         |       |       |       |       |     3 |       ||     3
  Eat: Chunk             |    10 |     9 |    26 |    81 |   112 |    14 ||   252
       Pizza             |       |       |       |       |     4 |       ||     4
Armor: Skin              |       |     6 |    12 |    36 |    64 |    12 ||   130
Dodge: Dodged            |    55 |   146 |   338 |   704 |   960 |    97 ||  2300
